 Dungeon Crawl Stone Soup version 0.29.1-13-g9f3cf754e1 (webtiles) character file.

Game seed: 13385100960332778450

240253 wingedge the Executioner (level 19, -3/167 HPs)
             Began as a Palentonga Abyssal Knight on Jan 15, 2023.
             Was an Elder of Lugonu.
             Hit by a javelin thrown by a merfolk javelineer (4 damage)
             ... on level 4 of the Shoals on Jan 24, 2023.
             The game lasted 02:21:59 (45254 turns).

wingedge the Executioner (PaAK)                    Turns: 45254, Time: 02:22:00

Health: -3/167     AC: 45    Str: 33    XL:     19   Next: 4%
Magic:  17/29      EV:  7    Int: 28    God:    Lugonu [****..]
Gold:   1265       SH:  0    Dex: 11    Spells: 19/24 levels left

rFire   . . .      SeeInvis +   a - +4 executioner's axe (distort)
rCold   + . .      Faith    .   (shield currently unavailable)
rNeg    + . .      Spirit   .   o - +8 chain mail of a volcano {Rampage rN+ Int+6}
rPois   +          Reflect  .   c - +2 helmet {SInv}
rElec   .          Harm     .   s - +1 cloak
rCorr   .          Rampage  +   W - +2 pair of gloves {Str+3}
Will    +....                   R - +4 barding {Stlth+}
Stlth   ..........              O - amulet of the acrobat
HPRegen 0.37/turn               g - ring of Ischytag {Wiz +Blink rPois Int+5 Stlth-}
MPRegen 0.21/turn               F - ring "Fowev" {rC+ Str+4 Int+6 Stlth+}

@: curled up, very slow
A: large, rugged brown scales 3, see invisible, deformed body, roll 1, armoured
tail, reflexive curl
}: 1/15 runes: serpentine
a: Rolling Charge, Renounce Religion, Evoke Blink, Depart the Abyss, Bend Space,
Banish, Corrupt


You were on level 4 of the Shoals.
You worshipped Lugonu.
Lugonu was greatly pleased with you.
You visited 6 branches of the dungeon, and saw 31 of its levels.
You visited the Abyss 2 times.

You collected 2773 gold pieces.
You spent 1508 gold pieces at shops.

Inventory:

Hand Weapons
 a - a +4 executioner's axe of distortion (weapon)
 b - a +5 battleaxe of electrocution
 Y - a +2 antimagic great mace
Missiles
 A - 2 silver javelins
 G - 5 throwing nets (quivered)
Armour
 c - a +2 helmet of see invisible (worn)
 o - the +8 chain mail of a volcano (worn) {Rampage rN+ Int+6}
   (You found it on level 6 of the Dungeon)

   Int:       It affects your intelligence (+6).
   rN:        It protects you from negative energy.
   Rampage:   It bestows one free step when moving towards enemies.
 s - a +1 cloak (worn)
 t - the +5 ring mail of Naus {rElec rF+ rN+++ MP-9}
   (You found it on level 7 of the Dungeon)

   rF:        It protects you from fire.
   rElec:     It insulates you from electricity.
   rN:        It renders you almost immune to negative energy.
   MP:        It affects your magic capacity (-9).
 R - a +4 barding of stealth (worn)
 W - a +2 pair of gloves of strength (worn)
Jewellery
 d - an amulet of reflection
 f - the ring of Equilibrium {rC+ rN+ Int+4}
   (You found it on level 15 of the Dungeon)

   [ring of protection from cold]

   Int:       It affects your intelligence (+4).
   rC:        It protects you from cold.
   rN:        It protects you from negative energy.
 g - the ring of Ischytag (left hand) {Wiz +Blink rPois Int+5 Stlth-}
   (You found it on level 15 of the Dungeon)

   [ring of wizardry]

   It improves your spell success rate.
   Int:       It affects your intelligence (+5).
   rPois:     It protects you from poison.
   +Blink:    It lets you blink.
   Stlth:     It makes you less stealthy.
 j - a ring of fire
 q - a ring of flight
 C - a ring of willpower
 F - the ring "Fowev" (right hand) {rC+ Str+4 Int+6 Stlth+}
   (You found it on level 15 of the Dungeon)

   [ring of intelligence]

   Str:       It affects your strength (+4).
   Int:       It affects your intelligence (+6).
   rC:        It protects you from cold.
   Stlth:     It makes you more stealthy.
 L - a ring of resist corrosion
 O - an amulet of the acrobat (around neck)
Wands
 e - a wand of iceblast (7)
 w - a wand of charming (39)
 H - a wand of mindburst (44)
 I - a wand of digging (8)
 J - a wand of polymorph (6)
 Q - a wand of quicksilver (3)
Scrolls
 i - 5 scrolls of fog
 k - 2 scrolls of summoning
 p - 3 scrolls of brand weapon
 v - 2 scrolls of magic mapping
 y - 13 scrolls of teleportation
 z - 5 scrolls of fear
 D - 3 scrolls of silence
 U - a scroll of blinking
 V - 5 scrolls of poison
 Z - 9 scrolls of vulnerability
Potions
 h - 19 potions of curing
 n - 5 potions of lignification
 r - 3 potions of cancellation
 u - 7 potions of might
 x - a potion of invisibility
 B - 6 potions of mutation
 E - 6 potions of ambrosia
 K - 3 potions of flight
 P - 2 potions of haste
 S - 2 potions of resistance
 T - 2 potions of berserk rage
Miscellaneous
 l - a condenser vane
 M - a phantom mirror
 X - a phial of floods


   Skills:
 - Level 16.0 Fighting
 + Level 22.8 Axes
 - Level 4.0 Throwing
 - Level 11.2 Armour
 - Level 6.0 Dodging
 - Level 3.0 Spellcasting
 + Level 6.5 Translocations
 - Level 14.0 Invocations
 - Level 10.0 Evocations


You had 19 spell levels left.
You knew the following spells:

 Your Spells              Type           Power      Damage    Failure   Level
a - Manifold Assault      Tloc           40%        N/A       21%         5

Your spell library contained the following spells:

 Spells                   Type           Power      Damage    Failure   Level
 Blink                    Tloc           80%        N/A       1%          2
 Passage of Golubria      Tloc           40%        N/A       8%          4
 Magic Dart               Conj           16%        1d3       11%         1
 Sandblast                Erth           8%         2d5       11%         1
 Shock                    Conj/Air       16%        1d4       11%         1
 Slow                     Hex            16%        N/A       11%         1
 Sting                    Tmut/Pois      16%        1d3       11%         1
 Call Imp                 Summ           4%         N/A       16%         2
 Ensorcelled Hibernation  Hex/Ice        8%         N/A       16%         2
 Passwall                 Tmut/Erth      3%         N/A       16%         2
 Poisonous Vapours        Pois/Air       8%         N/A       16%         2
 Scorch                   Fire           8%         2d5       16%         2
 Static Discharge         Conj/Air       4%         3-4/arc   16%         2
 Sublimation of Blood     Necr           4%         N/A       16%         2
 Iskenderun's Mystic Bla  Conj/Tloc      22%        2d6       26%         4
 Confusing Touch          Hex            4%         N/A       32%         3
 Dazzling Flash           Conj/Hex       8%         N/A       32%         3
 Ignite Poison            Fire/Tmut/Pois 4%         N/A       32%         3
 Inner Flame              Hex/Fire       4%         N/A       32%         3
 Mephitic Cloud           Conj/Pois/Air  4%         N/A       32%         3
 Ozocubu's Armour         Ice            4%         N/A       32%         3
 Spider Form              Tmut/Pois      4%         N/A       32%         3
 Stone Arrow              Conj/Erth      8%         3d7       32%         3
 Vampiric Draining        Necr           4%         2d6       32%         3
 Anguish                  Hex/Necr       2%         N/A       69%         4
 Animate Armour           Summ/Erth      8%         N/A       69%         4
 Cause Fear               Hex            2%         N/A       69%         4
 Corpse Rot               Necr/Pois/Air  4%         N/A       69%         4
 Dispel Undead            Necr           4%         3d7       69%         4
 Flame Wave               Conj/Fire      4%         2d5       69%         4
 Olgreb's Toxic Radiance  Pois           4%         N/A       69%         4
 Petrify                  Tmut/Erth      4%         N/A       69%         4
 Agony                    Necr           4%         N/A       95%         5
 Fireball                 Conj/Fire      2%         3d4       95%         5
 Irradiate                Conj/Tmut      2%         3d12      95%         5
 Lee's Rapid Deconstruct  Erth           2%         3d5*      95%         5
 Lightning Bolt           Conj/Air       2%         1d13      95%         5
 Silence                  Hex/Air        2%         N/A       95%         5
 Death Channel            Necr           2%         N/A       100%        6
 Starburst                Conj/Fire      2%         6d3       100%        6
 Statue Form              Tmut/Erth      2%         N/A       100%        6
 Summon Cactus Giant      Summ           2%         N/A       100%        6
 Dragon Form              Tmut           2%         N/A       100%        7
 Ozocubu's Refrigeration  Ice            2%         4d7       100%        7
 Storm Form               Tmut/Air       2%         N/A       100%        7
 Lehudib's Crystal Spear  Conj/Erth      2%         10d2      100%        8
 Dragon's Call            Summ           2%         N/A       100%        9


Dungeon Overview and Level Annotations

Branches:
Dungeon (15/15)            Temple (1/1) D:4            Lair (5/5) D:9
 Shoals (4/4) Lair:2        Snake (4/4) Lair:3        Slime (0/5) Lair:5
    Orc (2/2) D:9             Elf (0/3) Orc:2        Vaults (0/5) D:13
 Depths (0/4) D:15

Altars:
Ashenzari
Cheibriados
Fedhas
Gozag
Makhleb
Nemelex Xobeh
Qazlal
Ru
Sif Muna
Uskayaw
Vehumet
Wu Jian
Xom
Yredelemnul
Zin
Jiyva

Shops:
D:2 :   D:10 (   D:15 **=   Orc:2 ([**:(   Shoals:2 ?   Snake:1 (   Snake:2 =:=
Snake:3 [   Snake:4 (

Portals:
Trove: D:10 (give +2 gold dragon scales)

Annotations:
D:9 1 runed translucent door
Snake:4 corrupted
Abyss:1 Bai Suzhen


Innate Abilities, Weirdness & Mutations

You are completely covered in rugged brown scales. (AC +3, +7% HP)
You have supernaturally acute eyesight. (SInv)
Armour fits poorly on your strangely shaped body.
You can roll at nearby foes to attack.
You have a long armoured tail.
You curl defensively after being hit. (AC +7*)


Message History

The javelin pierces through you!!
* * * LOW HITPOINT WARNING * * *
The merfolk siren chants a haunting song.
You are mesmerised by the merfolk siren!
You feel much better.
The merfolk siren chants a haunting song.
The merfolk impaler hits you but does no damage. x2
The merfolk hits you from afar with a +0 trident!
* * * LOW HITPOINT WARNING * * *
The merfolk impaler hits you from afar with a +0 trident of freezing!
* * * LOW HITPOINT WARNING * * *
The merfolk impaler freezes you.
* * * LOW HITPOINT WARNING * * *
The merfolk impaler hits you from afar with a +2 demon trident of freezing.
* * * LOW HITPOINT WARNING * * *
The merfolk impaler freezes you.
* * * LOW HITPOINT WARNING * * *
The merfolk javelineer throws a javelin.
The javelin pierces through you but does no damage.
Okay, then.
Okay, then.
Okay, then.
Cleave: a) +4 executioner's axe (distort)
Press: ? - help, Dir - move target, f/p - merfolk javelineer
Aim: a merfolk javelineer, wielding a +2 vorpal spear, wearing a +0 leather armour and quivering javelins (almost dead, about 34% to evade your +4 executioner's axe of distortion)
Okay, then.
Unknown command.
Press: ? - help, v - describe, . - travel
Here: a merfolk javelineer, wielding a +2 vorpal spear, wearing a +0 leather armour and quivering javelins (almost dead)
The floor, spattered with blood.
Blink to where?
Press: ? - help, Dir - move target, p - merfolk javelineer Splash!
You fall into the shallow water.
Moving in this stuff is going to be slow.
As you read the scroll of blinking, it crumbles to dust.
You are no longer entranced.
The merfolk javelineer throws a javelin.
The javelin pierces through you.
You die... ≈≈≈≈≈≈≈≈≈≈≈≈≈≈≈≈≈≈≈≈≈≈≈≈≈≈≈≈≈≈≈≈≈ ≈≈≈≈≈≈≈≈~~≈≈≈≈≈≈≈≈≈≈≈≈≈≈≈~~~~~~~≈ ≈≈≈≈~~~~~~~~~≈≈≈≈≈≈≈≈≈≈≈~~~~~~~~~ ≈≈~~.....~~~~~~≈≈≈≈)~~~~~~~...~~~ ≈~~........~~~~~~≈~#~~~~##~...~~~ ≈~...........~~~~~~#######~~..P~~ ..............~~~~## ##~~~PPP ###~###÷÷......~~## .Sm

##~~~PP #######........~@# .#.
##~~P~~ #.#....##......~~## ≈. .
#~~~~~P ...≈...##.......~~##.#.#
##~~~~. ~.#.#.~#~.......~##mm.
#.~~.. #≈.|.≈##~^.......##mm
###~~~.. #.#.#..##........m.#
####~~~~..#
...≈...##~....~~mm)####~##~~~~.##
#.#~..##~~~~~~~m§)...~~~~~~~~~.~#
#######~~≈P~~~~~).....~~~~~~~†.##


You could see 2 merfolk impalers, a merfolk javelineer and a merfolk.

Vanquished Creatures
  Vashnia (Snake:3)
  Mlioglotl (Abyss:1)
  A kraken (Shoals:3)
  Gastronok (Lair:2)
  Frances (D:14)
  Agnes (D:14)
  Kirke (Snake:3)
  2 nagarajas
  Roxanne (Shoals:1)
  Ilsuiw (Shoals:3)
  A fire giant (D:15)
  2 frost giants
  An orc warlord (Abyss:1)
  Nessos (D:13)
  A blizzard demon (Shoals:2)
  A merfolk impaler (Shoals:2)
  An eidolon (Abyss:1)
  A merfolk javelineer (Shoals:4)
  Josephine (Snake:1)
  A yaktaur captain (D:15)
  6 boulder beetles
  5 hydras
  4 catoblepae (Lair:5)
  2 ogre magi (D:15)
  12 vault guards
  16 anacondas
  A rakshasa (D:14)
  2 alligator snapping turtles
  13 centaur warriors
  A tengu warrior (D:15)
  3 two-headed ogres
  3 satyrs (Shoals:2)
  11 naga warriors
  15 death yaks
  Urug (D:10)
  A deep troll shaman (D:15)
  5 orc high priests
  A thrashing horror (Abyss:1)
  4 shock serpents
  15 naga sharpshooters
  A wretched star (Abyss:1)
  A skeletal warrior (D:15)
  A fire crab (Abyss:1)
  2 salamander mystics
  A flayed ghost (D:15)
  17 sea snakes
  6 naga ritualists
  A wizard (D:15)
  5 orc knights
  6 orc sorcerers
  A wolf spider (D:15)
  19 harpies
  14 mana vipers
  2 deep elf pyromancers
  13 ugly things
  15 fauns
  19 manticores
  5 salamanders
  9 cyclopes
  5 elephants (Lair:4)
  7 guardian serpents
  34 black mambas
  10 merfolk sirens
  4 cane toads
  18 naga magi
  3 gargoyles (D:12)
  Maurice (D:10)
  4 water nymphs
  5 torpor snails
  An unseen horror (shapeshifter) (D:15)
  5 yaktaurs (D:15)
  An unseen horror (D:8)
  A komodo dragon (shapeshifter) (D:15)
  9 rime drakes
  2 kobold demonologists
  6 komodo dragons
  4 tengu conjurers
  2 freezing wraiths
  A queen bee (shapeshifter) (D:15)
  A polar bear (Lair:4)
  2 trolls
  21 merfolk
  4 wind drakes
  A tyrant leech (D:11)
  7 blink frogs
  5 snapping turtles
  3 raiju (Abyss:1)
  A slime creature (D:9)
  9 dream sheep
  9 wraiths
  6 wyverns
  A vampire (D:13)
  2 water elementals
  A ynoxinul (Abyss:1)
  A shadow (D:9)
  52 yaks
  3 hogs (Snake:3)
  12 basilisks
  3 steam dragons
  A redback (D:15)
  6 vampire mosquitoes
  35 nagas
  6 wargs
  Duvessa (Abyss:1)
  An acid dragon (D:9)
  A swamp worm (D:11)
  2 large abominations (Abyss:1)
  13 water moccasins
  4 floating eyes (D:15)
  A swamp drake (Orc:1)
  2 sky beasts (D:7)
  42 orc warriors
  An ice beast (D:5)
  A black bear (D:7)
  8 ogres
  A boggart (D:15)
  6 wolves (Lair:2)
  14 centaurs
  2 kobold brigands
  A gnoll sergeant (D:10)
  A necrophage (D:4)
  3 scorpions
  15 bullfrogs
  6 wights
  Dowan (D:6)
  7 killer bees
  2 electric eels (Snake:4)
  6 howler monkeys
  A crimson imp (Orc:1)
  A quasit (Abyss:1)
  A wyvern simulacrum (D:9)
  A hound (D:4)
  3 jellies (Lair:5)
  21 orc priests
  3 gnoll boudas
  An iron imp (Orc:1)
  Ijyb (D:3)
  5 iguanas
  Natasha (thrice) (D:4)
  36 orc wizards
  15 hell rats
  17 gnolls
  6 adders
  A shadow imp (Orc:1)
  4 white imps
  2 ufetubi
  2 worms
  4 dart slugs
  101 orcs
  7 ball pythons
  9 endoplasms
  4 giant cockroaches
  3 goblins
  8 hobgoblins
  3 jackals (D:1)
  20 kobolds
  4 quokkas
  8 bats
  9 frilled lizards
  7 rats
  3 tentacles (Shoals:3)
1052 creatures vanquished.

Vanquished Creatures (collateral kills)
  A bullfrog (Lair:2)
1 creature vanquished.

Vanquished Creatures (others)
  2 nagarajas (Snake:4)
  A naga warrior (Snake:4)
  A naga sharpshooter (Snake:4)
  4 sea snakes (Snake:4)
  2 naga magi (Snake:4)
  A wind drake (Lair:2)
  A naga (Snake:4)
  18 fungi
  42 plants
  5 starspawn tentacles (Snake:4)
  7 tentacles (Shoals:3)
84 creatures vanquished.

Grand Total: 1137 creatures vanquished

Notes
Turn   | Place    | Note
-------+----------+-------------------------------------------
     0 | Abyss:1  | wingedge the Palentonga Abyssal Knight began the quest for
                  | the Orb.
     0 | Abyss:1  | Reached XP level 1. HP: 19/19 MP: 2/2
     1 | D:1      | Escaped the Abyss
   139 | D:1      | Found a faded altar of an unknown god.
   149 | D:1      | Reached XP level 2. HP: 17/25 MP: 3/3
  1075 | D:1      | Reached XP level 3. HP: 31/31 MP: 5/5
  1076 | D:1      | Reached *** piety under Lugonu
  1430 | D:2      | Found an opulent altar of Gozag.
  1776 | D:2      | Reached skill level 1 in Dodging
  2040 | D:2      | Found Laur's Book Emporium.
  2392 | D:3      | Reached XP level 4. HP: 36/37 MP: 6/6
  2455 | D:3      | Noticed Ijyb
  2484 | D:3      | Killed Ijyb
  2485 | D:3      | Reached skill level 3 in Axes
  3016 | D:3      | Found a basalt altar of Yredelemnul.
  3368 | D:4      | Reached **** piety under Lugonu
  3393 | D:4      | Noticed Natasha
  3395 | D:4      | Killed Natasha
  3396 | D:4      | Reached XP level 5. HP: 44/44 MP: 7/7
  3700 | D:4      | Reached skill level 1 in Evocations
  3753 | D:4      | Found a staircase to the Ecumenical Temple.
  3753 | D:4      | Noticed Natasha
  3762 | D:4      | Killed Natasha
  3763 | D:4      | Reached XP level 6. HP: 36/51 MP: 9/9
  4060 | D:4      | Reached skill level 4 in Axes
  4077 | D:4      | Found a burning altar of Makhleb.
  4156 | Temple   | Entered the Ecumenical Temple
  4281 | D:4      | Reached skill level 5 in Invocations
  4364 | D:4      | Found a glowing silver altar of Zin.
  4450 | D:4      | Noticed Natasha
  4459 | D:4      | Killed Natasha
  4574 | D:4      | Upgraded the game from 0.29.1-12-g30fa7ad0bf to
                  | 0.29.1-13-g9f3cf754e1
  4595 | D:5      | Entered Level 5 of the Dungeon
  4630 | D:5      | Noticed a water moccasin
  4631 | D:5      | Banished a water moccasin
  4632 | D:5      | Gained mutation: You curl defensively after being hit. (AC
                  | +7*) [Palentonga growth]
  4632 | D:5      | Reached XP level 7. HP: 57/57 MP: 6/11
  5039 | D:5      | Found a shimmering blue altar of Sif Muna.
  5371 | D:5      | Found a radiant altar of Vehumet.
  5406 | D:6      | Noticed Duvessa
  5406 | D:6      | Noticed Dowan
  5407 | D:6      | Banished Duvessa
  5415 | D:6      | Killed Dowan
  5416 | D:6      | Reached XP level 8. HP: 41/65 MP: 9/13
  5636 | D:6      | Reached skill level 5 in Fighting
  5796 | D:6      | Reached skill level 5 in Axes
  6111 | D:6      | Identified the +8 chain mail of a volcano {Rampage rN+
                  | Int+6}
  6165 | D:6      | Found a sparkling altar of Nemelex Xobeh.
  6290 | D:7      | Identified a scroll of acquirement
  6291 | D:7      | Acquired a manual of Axes
  6308 | D:7      | Reached skill level 6 in Axes
  6463 | D:7      | Reached skill level 7 in Axes
  6632 | D:7      | Found a snail-covered altar of Cheibriados.
  6967 | D:7      | Identified the +5 ring mail of Naus {rElec rF+ rN+++ MP-9}
  7061 | D:7      | Reached skill level 8 in Axes
  7061 | D:7      | Reached XP level 9. HP: 58/73 MP: 15/15
  7181 | D:7      | Reached skill level 9 in Axes
  7662 | D:7      | Reached skill level 10 in Axes
  7672 | D:7      | Identified the +8 flail of Risk Management {vorpal, rF+++
                  | Int+3 Dex-4}
  8020 | D:8      | Noticed a two-headed ogre
  8030 | D:8      | Killed a two-headed ogre
  8207 | D:8      | Reached skill level 11 in Axes
  8398 | D:8      | Found a blossoming altar of Fedhas.
  8419 | D:8      | Reached XP level 10. HP: 76/84 MP: 16/16
  8925 | D:8      | Identified the +9 spear of the Past {holy, rPois rCorr
                  | Str+5 Int-4 SInv}
  9084 | D:8      | Found a broken altar of Ashenzari.
  9969 | D:9      | Found a staircase to the Orcish Mines.
 10010 | D:9      | Found a staircase to the Lair.
 10034 | D:9      | Reached skill level 12 in Axes
 10250 | D:9      | Found an opulent altar of Gozag.
 10615 | D:9      | Noticed a two-headed ogre
 10639 | D:9      | Banished a two-headed ogre
 10640 | D:9      | Reached skill level 5 in Evocations
 10674 | D:9      | Reached skill level 5 in Armour
 10728 | D:9      | Noticed a manticore
 10730 | D:9      | Banished a manticore
 10766 | D:9      | Noticed a manticore
 10771 | D:9      | Killed a manticore
 10863 | D:9      | Noticed a two-headed ogre
 10877 | D:9      | Killed a two-headed ogre
 10878 | D:9      | Reached skill level 13 in Axes
 10878 | D:9      | Reached XP level 11. HP: 28/92 MP: 17/17
 11213 | D:9      | Found a runed translucent door.
 11216 | D:9      | Noticed a four-headed hydra
 11216 | D:9      | Noticed a boulder beetle
 11216 | D:9      | Noticed a centaur warrior
 11217 | D:9      | Noticed a brown ugly thing
 11225 | D:9      | Banished a centaur warrior
 11241 | D:9      | Reached skill level 14 in Axes
 11286 | D:9      | Banished a four-headed hydra
 11317 | D:9      | Killed a brown ugly thing
 11327 | D:9      | Killed a boulder beetle
 11398 | D:9      | Identified the +1 leather armour of Gluttony {*Corrode
                  | rElec rN++}
 12127 | Orc:1    | Entered Level 1 of the Orcish Mines
 12127 | Orc:1    | Noticed an orc sorcerer
 12131 | Orc:1    | Killed an orc sorcerer
 12135 | Orc:1    | Reached skill level 1 in Spellcasting
 12135 | Orc:1    | Noticed an orc knight
 12138 | Orc:1    | Banished an orc knight
 12429 | Orc:1    | Noticed an orc high priest
 12431 | Orc:1    | Noticed an orc sorcerer
 12432 | Orc:1    | Banished an orc sorcerer
 12433 | Orc:1    | Noticed an orc sorcerer
 12436 | Orc:1    | Killed an orc high priest
 12441 | Orc:1    | Killed an orc sorcerer
 12442 | Orc:1    | Reached XP level 12. HP: 91/100 MP: 15/19
 12904 | Orc:1    | Reached ***** piety under Lugonu
 13529 | Orc:1    | Reached skill level 10 in Invocations
 14015 | Orc:2    | Entered Level 2 of the Orcish Mines
 14017 | Orc:2    | Found a staircase to the Elven Halls.
 14314 | Orc:2    | Reached skill level 15 in Axes
 14829 | Orc:2    | Noticed an orc warlord
 14837 | Orc:2    | Banished an orc warlord
 15232 | Orc:2    | Found Bubainta's Bounteous Boutique.
 15246 | Orc:2    | Bought a potion of berserk rage for 75 gold pieces
 15246 | Orc:2    | Bought a scroll of blinking for 112 gold pieces
 15247 | Orc:2    | Found Qaecs's Antique Weapon Emporium.
 15281 | Orc:2    | Noticed an orc high priest
 15281 | Orc:2    | Noticed an orc high priest
 15303 | Orc:2    | Noticed an orc warlord
 15305 | Orc:2    | Banished an orc warlord
 15318 | Orc:2    | Noticed an orc high priest
 15345 | Orc:2    | Killed an orc high priest
 15380 | Orc:2    | Noticed an orc high priest
 15391 | Orc:2    | Killed an orc high priest
 15406 | Orc:2    | Banished an orc high priest
 15407 | Orc:2    | Reached XP level 13. HP: 31/108 MP: 15/20
 15876 | Orc:2    | Found Qob Houm's General Store.
 16052 | Orc:2    | Found Ukyxt's Book Emporium.
 16054 | Orc:2    | Found Zayheiv's Antique Armour Emporium.
 16054 | Orc:2    | Found Akikyclu's Antique Weapon Shoppe.
 16059 | Orc:2    | Bought 2 potions of degeneration for 24 gold pieces
 16059 | Orc:2    | Bought a scroll of identify for 24 gold pieces
 16059 | Orc:2    | Bought a potion of curing for 36 gold pieces
 16059 | Orc:2    | Bought a scroll of teleportation for 36 gold pieces
 16070 | Orc:2    | Bought a pair of embroidered gloves for 262 gold pieces
 16070 | Orc:2    | Bought a pair of glowing gloves for 262 gold pieces
 16080 | Orc:2    | Bought a shiny helmet for 262 gold pieces
 16288 | Lair:1   | Entered Level 1 of the Lair of Beasts
 16542 | Lair:1   | Reached skill level 5 in Dodging
 16547 | Lair:1   | Reached skill level 10 in Fighting
 16606 | Lair:1   | Found a snail-covered altar of Cheibriados.
 17270 | Lair:2   | Noticed Gastronok
 17297 | Lair:2   | Killed Gastronok
 17623 | Lair:2   | Found a staircase to the Shoals.
 17756 | Lair:3   | Reached skill level 16 in Axes
 18136 | Lair:3   | Found a staircase to the Snake Pit.
 18992 | Lair:5   | Entered Level 5 of the Lair of Beasts
 19193 | Lair:4   | Reached XP level 14. HP: 99/118 MP: 22/22
 20590 | Lair:5   | Found a viscous altar of Jiyva.
 20590 | Lair:5   | Found a staircase to the Slime Pits.
 21279 | Lair:5   | Reached skill level 17 in Axes
 21808 | Lair:5   | Identified the +3 long sword of Amorality {venom, *Corrode
                  | rElec Will++}
 22402 | D:10     | Entered Level 10 of the Dungeon
 22523 | D:10     | Found a portal to a secret trove of treasure.
 22523 | D:10     | Noticed Maurice
 22536 | D:10     | Killed Maurice
 22600 | D:10     | Found Pedghuko's Firing Range.
 22604 | D:10     | Bought 2 throwing nets for 78 gold pieces
 22796 | D:10     | Noticed Urug
 22799 | D:10     | Killed Urug
 22911 | D:10     | Found a sacrificial altar of Ru.
 24517 | D:12     | Reached XP level 15. HP: 115/127 MP: 15/24
 24950 | D:13     | Reached skill level 1 in Throwing
 25118 | D:13     | Found a gate to the Vaults.
 25592 | D:13     | Noticed Nessos
 25594 | D:13     | Killed Nessos
 26323 | D:14     | Found a stormy altar of Qazlal.
 26624 | D:14     | Reached ****** piety under Lugonu
 26628 | D:14     | Identified a +2 executioner's axe of distortion (a +0
                  | executioner's axe corrupted by Lugonu)
 26628 | D:14     | Received a gift from Lugonu
 26862 | D:14     | Noticed Agnes
 26874 | D:14     | Killed Agnes
 27103 | D:14     | Noticed Frances
 27115 | D:14     | Killed Frances
 27116 | D:14     | Reached skill level 18 in Axes
 27824 | D:15     | Entered Level 15 of the Dungeon
 28132 | D:15     | Identified the +6 scale mail of Negation {rCorr Str+4 Dex-2
                  | SInv}
 28307 | D:15     | Noticed a frost giant
 28309 | D:15     | Banished a frost giant
 28579 | D:15     | Paralysed by a floating eye for 4 turns
 28611 | D:15     | Reached skill level 10 in Armour
 28707 | D:15     | Found a staircase to the Depths.
 28931 | D:15     | Reached XP level 16. HP: 121/138 MP: 25/25
 28992 | D:15     | Reached skill level 10 in Evocations
 29351 | D:15     | Found Abradu Rinadd's General Store.
 29516 | D:15     | Identified the ring "Fowev" {rC+ Str+4 Int+6 Stlth+}
 29660 | D:15     | Found Yhunnidd's Jewellery Emporium.
 29698 | D:15     | Found a transporter.
 29705 | D:15     | Identified the ring of Equilibrium {rC+ rN+ Int+4}
 29913 | D:15     | Found Wanab's General Store.
 29917 | D:15     | Found a transporter.
 30138 | D:15     | Identified the ring of Ischytag {Wiz +Blink rPois Int+5
                  | Stlth-}
 30430 | Shoals:1 | Entered Level 1 of the Shoals
 30706 | Snake:1  | Entered Level 1 of the Snake Pit
 30731 | Snake:1  | Noticed Josephine
 30733 | Snake:1  | Killed Josephine
 31334 | Snake:1  | Reached skill level 19 in Axes
 32259 | Snake:1  | Found Fosad's Weapon Shoppe.
 33248 | Snake:2  | Reached XP level 17. HP: 99/149 MP: 26/26
 33450 | Snake:2  | Found Awnool's Jewellery Shop.
 33450 | Snake:2  | Found Ufileng's Book Emporium.
 33451 | Snake:2  | Found Voufubyf's Jewellery Shop.
 34370 | Snake:2  | Reached skill level 15 in Fighting
 35592 | Snake:3  | Noticed Bai Suzhen
 35602 | Snake:3  | Banished Bai Suzhen
 35814 | Snake:2  | Reached skill level 20 in Axes
 36018 | Snake:3  | Found Kasoymnu's Antique Armour Shoppe.
 36343 | Snake:3  | Noticed Vashnia
 36357 | Snake:3  | Killed Vashnia
 36706 | Snake:3  | Noticed Mlioglotl
 36712 | Snake:3  | Banished Mlioglotl
 37146 | Snake:3  | Noticed Kirke
 37153 | Snake:3  | Killed Kirke
 37226 | Snake:4  | Entered Level 4 of the Snake Pit
 38494 | Snake:4  | Found a shimmering altar of Xom.
 38611 | Snake:4  | Reached skill level 21 in Axes
 38993 | Snake:4  | Reached XP level 18. HP: 85/161 MP: 27/27
 39428 | Snake:4  | Corrupted Snake:4
 39934 | Snake:4  | Got a serpentine rune of Zot
 39965 | Snake:4  | Found Quorhauth's Weapon Emporium.
 40087 | Snake:2  | Bought a ring of flight for 210 gold pieces
 40344 | Shoals:1 | Identified Roxanne's Omnibus of Metal
 40344 | Shoals:1 | Noticed Roxanne
 40354 | Shoals:1 | Killed Roxanne
 41551 | Shoals:2 | Reached skill level 22 in Axes
 41844 | Shoals:2 | Learned a level 5 spell: Manifold Assault
 41845 | Shoals:2 | Found Sonnaz's Magic Scroll Shoppe.
 41856 | Shoals:2 | Bought a scroll of enchant armour for 127 gold pieces
 41933 | Shoals:2 | Identified the +0 robe of the Beginning {MP+9}
 41944 | Shoals:2 | Reached skill level 1 in Translocations
 43089 | Shoals:3 | Got the Omnibus of Lethal Incandescence
 43091 | Shoals:3 | Got Fain's Spellbook of Burning Battling
 43119 | Shoals:3 | Noticed Ilsuiw
 43133 | Shoals:3 | Killed Ilsuiw
 43188 | Abyss:1  | Killed Duvessa
 43213 | Abyss:1  | Killed Mlioglotl
 43430 | Abyss:1  | Reached skill level 5 in Translocations
 43504 | Shoals:3 | Escaped the Abyss
 44603 | Shoals:4 | Entered Level 4 of the Shoals
 45231 | Shoals:4 | Reached XP level 19. HP: 167/167 MP: 12/29
 45253 | Shoals:4 | HP: 8/167 [merfolk impaler/+0 trident of freezing (13)]
 45253 | Shoals:4 | HP: 2/167 [merfolk impaler/+2 demon trident of freezing
                  | (4)]
 45254 | Shoals:4 | Hit by a javelin thrown by a merfolk javelineer

Illustrated notes

Levels and vault maps discovered:
D:1:      tarquinn_simple_flora_water_d, layout_loops_cross,
          hellmonk_ecumenical_altar_arch_garden, dreamdust_princess_bridge,
          minmay_quantized
D:2:      layout_basic, basic_altar, serial_shops, nicolae_shop_hallway_plus,
          minmay_tiny_reverse_x
D:3:      layout_loops_ring, lemuel_doored_altar, nrook_loot_triangle, uniq_ijyb
D:4:      minmay_angry_zag, layout_rooms, old_standard_altar, zin_treasury,
          minmay_temple_entry_tees, mrwooster_statue_mirror, uniq_natasha
D:5:      layout_rooms, marbit_many_paths, nicolae_vehumet_altar_sigil,
          nicolae_figureground_sparkle
D:6:      layout_rooms, nemelex_spade_bored_becter, uniq_duvessa
D:7:      minmay_razor_zed, layout_cave_pools, kennysheep_slug_shrine,
          minmay_between
D:8:      layout_gridville, evilmike_ruin_ashenzari, fedhas_ov_isle_minmay,
          serial_glass, glass_columns_a, glass_columns_b, minmay_strange_pillars
D:9:      minmay_the_grid_triangle_9x9_rhombus_thin_mashed
          [minmay_the_grid_triangle_9x9_subtriangle,
          minmay_the_grid_triangle_9x9_prize_insulated,
          minmay_the_grid_triangle_9x9_skeleton,
          minmay_the_grid_triangle_9x9_corrupted_corridor], layout_basic,
          lemuel_tele_altar, dpeg_oklobed_lair, orc_0_dummy
D:10:     layout_gridville, nicolae_ru_the_path_less_chosen, enter_trove_5,
          nicolae_shop_firing_range, uniq_maurice, uniq_urug
D:11:     layout_irregular_city, worms_lemuel
D:12:     layout_loops_ring
D:13:     layout_basic, erik_vaults_2, st_stairs_6, uniq_nessos
D:14:     nicolae_cairo_tiling_large, layout_cave_pods, special_room
          [special_room_mythical_zoo], nicolae_qazlal_style_of_elements,
          uniq_frances, uniq_agnes
D:15:     hangedman_spin_cycle
Temple:   grunt_temple_mini_profane
Lair:1:   layout_gridlike, st_stairs_6, kennysheep_snail_temple
Lair:2:   layout_cave_shapes, minmay_shoals_entry_beasts, uniq_gastronok
Lair:3:   layout_cave_shapes, minmay_snake_entry_guardpost_medium
Lair:4:   layout_hall_layers, eino_small_chamber_without_monster,
          serial_bayou_pond_c, grunt_megastairs_5
Lair:5:   evilmike_catoblepas_cave, layout_loops_ring,
          nicolae_slime_entry_slimehenge, serial_bayou_shore_b
Shoals:1: layout_shoals, uniq_roxanne
Shoals:2: layout_shoals, serial_shops, nicolae_shop_hallway_plus
Shoals:3: layout_shoals, nicolae_shoals_dead_sea_scrolls, uniq_ilsuiw
Shoals:4: shoals_end_grunt_ice, layout_shoals, uniq_donald, uniq_polyphemus
Snake:1:  layout_misc_corridors, serial_shops, shop, nicolae_snake_springs,
          uniq_josephine
Snake:2:  layout_chambers, serial_bayou_shore_b, minmay_shop_grove
Snake:3:  layout_rooms, serial_shops, nicolae_take_the_stairs,
          nicolae_snake_serpentine_hallways, uniq_vashnia, uniq_bai_suzhen,
          uniq_kirke, uniq_mlioglotl
Snake:4:  grunt_snake_rune_pools, layout_onion, basic_altar,
          serial_bayou_shore_a, minmay_shop_star
Orc:1:    layout_caves, basic_altar, hangedman_minor_magic
Orc:2:    st_orc_congregation, layout_caves, serial_shops, nicolae_square_shop,
          nicolae_alphabet_shops

Skill      XL: |  1  2  3  4  5  6  7  8  9 10 11 12 13 14 15 16 17 18 |
---------------+-------------------------------------------------------+-----
Dodging        | 1 2 4 5 6 |  6.0
Invocations    | 3 4 6 7 8 9 10 11 12 13 14 | 14.0
Axes           | 3 4 8 11 13 14 15 16 17 18 19 21 22 | 22.8
Armour         | 2 3 5 6 7 8 9 10 11 | 11.2
Fighting       | 4 6 7 8 9 10 11 12 14 16 | 16.0
Evocations     | 1 2 3 4 5 6 7 9 10 | 10.0
Spellcasting   | 1 3 |  3.0
Throwing       | 3 4 |  4.0
Translocations | 6 |  6.5

Action                   |  1- 3 |  4- 6 |  7- 9 | 10-12 | 13-15 | 16-18 | 19-21 || total
-------------------------+-------+-------+-------+-------+-------+-------+-------++-------
Melee: Hand axe          |   127 |   119 |   140 |       |       |       |       ||   386
       Tailslap          |    11 |    17 |    33 |    73 |   165 |   183 |     2 ||   484
       Punch             |     1 |     2 |     2 |     2 |       |       |       ||     7
       War axe           |       |       |   110 |   324 |   281 |       |       ||   715
       Broad axe         |       |       |     7 |   187 |       |       |       ||   194
       Unarmed           |       |       |     2 |       |       |       |       ||     2
       Battleaxe         |       |       |       |       |   454 |       |       ||   454
       Executioner's axe |       |       |       |       |   118 |   991 |    20 ||  1129
Throw: Dart              |     1 |     1 |       |       |       |       |       ||     2
       Throwing net      |       |       |       |       |       |     1 |       ||     1
Invok: Bend Space        |     9 |     9 |     6 |     3 |     1 |     2 |       ||    30
       Banish            |       |     1 |     4 |    16 |    11 |    33 |       ||    65
       Brand Weapon With |       |       |       |       |     1 |       |       ||     1
       Depart the Abyss  |       |       |       |       |       |     1 |       ||     1
       Corrupt           |       |       |       |       |       |     1 |       ||     1
       Enter the Abyss   |       |       |       |       |       |     1 |       ||     1
 Abil: Rolling Charge    |    44 |    37 |    47 |    90 |   150 |   273 |     3 ||   644
       Evoke Blink       |       |       |       |       |       |     1 |       ||     1
Evoke: Wand              |       |     3 |     2 |     8 |    11 |       |       ||    24
  Use: Scroll            |       |     9 |     8 |     7 |    16 |    13 |     1 ||    54
       Potion            |       |     2 |       |     3 |     1 |     8 |     1 ||    15
 Stab: Sleeping          |     1 |       |       |     1 |       |       |       ||     2
Armor: Leather armour    |    45 |       |       |       |       |       |       ||    45
       Chain mail        |       |    58 |   217 |   405 |   364 |   842 |    32 ||  1918
       Plate armour      |       |       |       |       |   202 |       |       ||   202
Dodge: Dodged            |    50 |    31 |    65 |   177 |   201 |   337 |    15 ||   876
Block: Other             |    14 |     3 |       |       |       |       |       ||    17
       Buckler           |       |       |       |    29 |    15 |       |       ||    44
       Kite shield       |       |       |       |       |    22 |       |       ||    22
